 Dungeon Crawl Stone Soup version 0.31.0-11-ge490571c62 (webtiles) character file.

Game seed: 2815136267333106494

301 qw the Shooter (level 6, -2/30 HPs)
             Began as a Spriggan Hunter on Feb 4, 2024.
             Incinerated by a bombardier beetle (4 damage)
             ... with a burning spray
             ... on level 4 of the Dungeon.
             The game lasted 00:00:09 (2144 turns).

qw the Shooter (Spriggan Hunter)                    Turns: 2144, Time: 00:00:09

Health: -2/30      AC:  2    Str:  7    XL:     6   Next: 14%
Magic:  7/7        EV: 21    Int: 11    God:
Gold:   181        SH:  0    Dex: 20    Spells: 5/5 levels left

rFire   . . .        a - +1 shortbow
rCold   . . .        (shield currently unavailable)
rNeg    . . .        c - +0 robe
rPois   .            (helmet restricted)
rElec   .            (no cloak)
rCorr   .            (gloves unavailable)
SInv    +            (boots unavailable)
Will    +....        (no amulet)
Stlth   +            (no ring)
HPRegen 0.25/turn    (no ring)
MPRegen 0.10/turn

%: no passive effects
@: on fire, glowing, very quick
A: very small, no large weapons, unfitting armour, see invisible, speed 3
a: no special abilities


You were on level 4 of the Dungeon.
You visited 1 branch of the dungeon, and saw 4 of its levels.

You collected 181 gold pieces.


Innate Abilities, Weirdness & Mutations

You are very small and have problems with some larger weapons.
You are too small for most types of armour.
You have supernaturally acute eyesight. (SInv)
You cover ground extremely quickly. (Speed+++)


   Skills:
 - Level 2.0 Fighting
 - Level 6.1 Ranged Weapons
 + Level 5.7 Dodging
 - Level 1.5 Stealth


You had 5 spell levels left.
You didn't know any spells.
Your spell library was empty.

Inventory:

Hand Weapons
 a - a +1 shortbow (weapon)
Armour
 c - a +0 robe (worn)
Scrolls
 d - 3 scrolls of teleportation
Potions
 b - a potion of mutation
 f - 2 potions of heal wounds
 g - a potion of curing

Dungeon Overview and Level Annotations

Branches:
Dungeon (4/15)
 Temple: D:4-7

Altars:
Trog


Message History

You shoot an arrow.
The arrow barely misses the water moccasin.
The water moccasin bites you!
You shoot an arrow. The arrow hits the water moccasin!
You kill the water moccasin!
Your Ranged Weapons skill increases to level 6!
You have reached level 6!
You start resting.
Your extra speed is starting to run out.
You feel yourself slow down.
HP restored.
You now have 181 gold pieces (gained 10).
A bombardier beetle comes into view.
You shoot an arrow. The arrow hits the bombardier beetle!
The bombardier beetle is severely wounded.
The bombardier beetle sprays incendiary fluid at you.
The burning spray hits you.
You are covered in liquid fire!
You shoot an arrow.
The arrow hits the bombardier beetle but does no damage.
The bombardier beetle is severely wounded.
The liquid fire burns you!
You shoot an arrow. The arrow hits the bombardier beetle.
You kill the bombardier beetle!
The liquid fire burns you!
You are on fire!
The liquid fire burns you!
You are on fire!
The liquid fire burns you!
You are on fire!
The liquid fire burns you!
You are on fire!
The liquid fire burns you!
You are on fire!
The liquid fire burns you!
You are on fire!
The liquid fire burns you!
You are on fire!
The liquid fire burns you!
You die...

... ... #... #....
..####.. .%.##
....#.####
...###........#
#..##.. ..... #@#
#.##..#
#.###..#..## .
#..###.....#####..
##................
######(..........
#.....<..)##
#..#####.### #..##
.# .... ..


There were no monsters in sight!

Vanquished Creatures
  A water moccasin (D:4)
  A bombardier beetle (D:4)
  An orc priest (D:2)
  An orc wizard (D:2)
  4 adders
  A dart slug (D:2)
  A ribbon worm (D:2)
  4 orcs
  3 ball pythons
  7 endoplasms
  5 giant cockroaches
  9 goblins
  5 hobgoblins
  5 kobolds
  3 quokkas
  11 bats
  3 frilled lizards
  6 rats (D:1)
71 creatures vanquished.

Notes
Turn   | Place    | Note
-------+----------+-------------------------------------------
     0 | D:1      | qw the Spriggan Hunter began the quest for the Orb.
     0 | D:1      | Reached XP level 1. HP: 10/10 MP: 2/2
     0 | D:1      | 0 ||| qw: Version: 0.3-a-160-g6735b56
     0 | D:1      | 0 ||| qw: Game counter: 5418
     0 | D:1      | 0 ||| qw: Melee chars always use a shield: true
     0 | D:1      | 0 ||| qw: God list: Okawaru
     0 | D:1      | 0 ||| qw: Allow faded altars: false
     0 | D:1      | 0 ||| qw: Do Orc after clearing Dungeon:15 true
     0 | D:1      | 0 ||| qw: Do second Lair branch before Depths: true
     0 | D:1      | 0 ||| qw: Lair rune preference: random
     0 | D:1      | 0 ||| qw: Goals: Normal
     0 | D:1      | 0 ||| PLANNING D:1-11
    19 | D:1      | Reached skill level 3 in Dodging
    47 | D:1      | Reached XP level 2. HP: 14/14 MP: 3/3
   393 | D:1      | Reached XP level 3. HP: 18/18 MP: 4/4
   638 | D:1      | 638 ||| READING 3 scrolls labelled EDELOE TOXI.
   642 | D:1      | 642 ||| READING 2 scrolls labelled RIRAT GININK.
   642 | D:1      | 642 ||| IDENTIFYING fuming golden potion
   643 | D:1      | 643 ||| READING scroll of identify.
   643 | D:1      | 643 ||| IDENTIFYING 2 bubbling dark potions
   644 | D:1      | 644 ||| READING scroll labelled MEAKHL SUSAKYSO.
   644 | D:1      | 644 ||| ENCHANTING +0 shortbow.
   645 | D:1      | 645 ||| DROPPING scroll of butterflies.
   646 | D:1      | 646 ||| DROPPING potion of ambrosia.
   726 | D:2      | Found a bloodstained altar of Trog.
   768 | D:2      | Reached skill level 5 in Ranged Weapons
   768 | D:2      | Reached XP level 4. HP: 22/22 MP: 5/5
   788 | D:2      | 788 ||| FLEEEEING.
   789 | D:2      | 789 ||| FLEEEEING.
   790 | D:2      | 790 ||| FLEEEEING.
   792 | D:2      | 792 ||| FLEEEEING.
   793 | D:2      | 793 ||| FLEEEEING.
   794 | D:2      | 794 ||| FLEEEEING.
   796 | D:2      | 796 ||| FLEEEEING.
   797 | D:2      | 797 ||| FLEEEEING.
   799 | D:2      | 799 ||| FLEEEEING.
   800 | D:2      | 800 ||| STAIRDANCE
   824 | D:2      | 824 ||| STAIRDANCE
   837 | D:2      | 837 ||| STAIRDANCE
   862 | D:2      | 862 ||| STAIRDANCE
  1042 | D:2      | Reached XP level 5. HP: 26/26 MP: 6/6
  1056 | D:2      | 1056 ||| FLEEEEING.
  1222 | D:2      | 1222 ||| READING scroll of identify.
  1222 | D:2      | 1222 ||| IDENTIFYING metallic yellow potion
  1223 | D:2      | 1223 ||| DROPPING potion of degeneration.
  2000 | D:3      | 2000 ||| READING 3 scrolls of identify.
  2000 | D:3      | 2000 ||| IDENTIFYING yellow potion
  2001 | D:3      | 2001 ||| READING 2 scrolls of identify.
  2001 | D:3      | 2001 ||| IDENTIFYING dark potion
  2002 | D:3      | 2002 ||| READING scroll of identify.
  2002 | D:3      | 2002 ||| IDENTIFYING glowing cyan potion
  2003 | D:3      | 2003 ||| READING scroll labelled ULERCH UGRE.
  2003 | D:3      | 2003 ||| ENCHANTING +1 shortbow.
  2060 | D:4      | Noticed a water moccasin
  2061 | D:4      | 2061 ||| DRINKING potion of haste.
  2068 | D:4      | Killed a water moccasin
  2069 | D:4      | Reached skill level 6 in Ranged Weapons
  2069 | D:4      | Reached XP level 6. HP: 19/30 MP: 7/7
  2142 | D:4      | HP: 4/30 [burnt (5)]
  2144 | D:4      | Incinerated by a bombardier beetle

Levels and vault maps discovered:
D:1:      wheals_arrival_shading, layout_basic
D:2:      layout_rooms, basic_altar, hangedman_decor_riveting
D:3:      layout_loops_corners
D:4:      layout_rooms, nicolae_sif_muna_condensation, minmay_temple_entry_grid

Skill      XL: |  1  2  3  4  5 |
---------------+----------------+-----
Dodging        | 3 4 5 |  5.7
Ranged Weapons | 5 6 |  6.1
Fighting       | 2 |  2.0
Stealth        | |  1.5

Action                     |  1- 3 |  4- 6 || total
---------------------------+-------+-------++-------
   Fire: Shortbow          |   100 |   104 ||   204
    Use: Scroll            |     4 |     5 ||     9
         Potion            |       |     1 ||     1
 Armour: Robe              |     6 |    10 ||    16
  Dodge: Dodged            |    35 |    37 ||    72

Table legend:
 A = Non-vault XP
 B = Vault XP
 C = Vault XP percentage of total XP
 D = Non-vault monster count
 E = Vault monster count
 F = Vault count percentage of total count
                 A         B        C        D         E       F
            +---------+---------+-------+---------+---------+-------
      Total |     430 |       0 |   0.0 |      71 |       0 |   0.0
            +---------+---------+-------+---------+---------+-------
        D:1 |      50 |       0 |   0.0 |      33 |       0 |   0.0
        D:2 |     162 |       0 |   0.0 |      24 |       0 |   0.0
        D:3 |      34 |       0 |   0.0 |      12 |       0 |   0.0
        D:4 |     184 |       0 |   0.0 |       2 |       0 |   0.0
            +---------+---------+-------+---------+---------+-------
